 Dungeon Sprint DCSS version 0.26-a0-1079-g3a4175ecf3 (webtiles) character file.

Game seed: 1519234646763871893

4815 Adamkad1 the Carver (level 10, -10/88 HPs)
             Began as a Formicid Fighter on Dec 14, 2020.
             Was the Champion of Wu Jian.
             Mangled by Xosuugic the pandemonium lord (24 damage)
             ... in the Dungeon (Sprint V: "Ziggurat Sprint").
             The game lasted 00:03:34 (437 turns).

Adamkad1 the Carver (Formicid Fighter)               Turns: 437, Time: 00:03:34

Health: -10/88     AC: 15    Str: 25    XL:     10   Next: 77%
Magic:  13/13      EV:  5    Int: 13    God:    Wu Jian [******]
Gold:   0          SH: 36    Dex: 16    Spells: 12/14 levels left

rFire    + . .     SeeInvis +   C - +7 Sulking Sword {vorpal, sonic wave}
rCold    + + .     Faith    .   B - +18 shield of the Gong {rElec rN+ Will+ EV-5}
rNeg     + . .     Spirit   .   c - +5 gold dragon scales
rPois    +         Reflect  +   (helmet unavailable)
rElec    +         Harm     .   (no cloak)
rCorr    .         Rampage  .   (no gloves)
Will     +....                  (no boots)
Stlth    ..........             k - amulet of reflection
HPRegen  0.24/turn              E - ring "Nyroimo" {rC+ Will- Int+6 Dex+3}
MPRegen  0.13/turn              u - ring "Foirhosaerr" {rElec Dex+3 Stlth-}

@: exhausted, corroded, heavenly storm, glowing, silenced
A: permanent stasis, dig shafts and tunnels, four strong arms, antennae 3
a: Dig, Wall Jump, Renounce Religion


You were in the Dungeon.
You worshipped Wu Jian.
Wu Jian was exalted by your worship.
You visited 1 branch

Inventory:

Hand Weapons
 a - a +0 long sword
 C - the +7 Sulking Sword (weapon) {vorpal, sonic wave}
   (You found it in the Dungeon)

   It inflicts extra damage upon your enemies.
Armour
 c - +5 gold dragon scales (worn)
 B - the +18 shield of the Gong (worn) {rElec rN+ Will+ EV-5}
   (You found it in the Dungeon)

   It affects your evasion (-5).
   It insulates you from electricity.
   It protects you from negative energy.
   It affects your willpower, your defense against some magical effects.
Jewellery
 k - an amulet of reflection (around neck)
 u - the ring "Foirhosaerr" (right hand) {rElec Dex+3 Stlth-}
   (You found it in the Dungeon)

   [ring of attention]

   It affects your dexterity (+3).
   It insulates you from electricity.
   It makes you less stealthy.
 v - a +6 ring of dexterity
 w - a +6 ring of dexterity
 x - a +6 ring of intelligence
 y - a +6 ring of intelligence
 z - a +6 ring of strength
 A - a +6 ring of strength
 E - the ring "Nyroimo" (left hand) {rC+ Will- Int+6 Dex+3}
   (You found it in the Dungeon)

   [ring of intelligence]

   It affects your intelligence (+6).
   It affects your dexterity (+3).
   It protects you from cold.
   It affects your willpower, your defense against some magical effects.
 F - an uncursed ring of magical power
Wands
 r - a wand of disintegration (7)
 s - a wand of iceblast (7)
 t - a wand of acid (7)
Scrolls
 l - 4 scrolls of amnesia
 m - 8 scrolls of fog
 n - a scroll of holy word
 o - 5 scrolls of identify
 p - 5 scrolls of remove curse
 q - 2 scrolls of fear
 D - a scroll of brand weapon
Potions
 d - 6 potions of might
 e - 10 potions of curing
 f - 9 potions of heal wounds
 g - 7 potions of magic
 h - 2 potions of brilliance
 i - 2 potions of invisibility
 j - 4 potions of resistance
Miscellaneous
 b - a tin of tremorstones (2/2)
 G - a phantom mirror


   Skills:
 + Level 11.5 Fighting
 * Level 13.6 Long Blades
 + Level 11.5 Armour
 + Level 8.8 Dodging
 + Level 12.3 Shields
 + Level 2.5 Spellcasting
 + Level 2.7 Transmutations


You had 12 spell levels left.
You knew the following spells:

 Your Spells              Type           Power        Failure   Level
a - Wereblood             Tmut           #.......     99%         2

Your spell library contained the following spells:

 Spells                   Type           Power        Failure   Level
 Sting                    Tmut/Pois      #...         99%         1
 Animate Skeleton         Necr           #.....       100%        1
 Magic Dart               Conj           #...         100%        1
 Pain                     Necr           #...         100%        1
 Call Imp                 Summ           #.......     100%        2
 Corpse Rot               Necr/Air       N/A          100%        2
 Poisonous Vapours        Pois/Air       #.....       100%        2
 Slow                     Hex            #.......     100%        2
 Sublimation of Blood     Necr           #.........   100%        2
 Confusing Touch          Hex            #.......     100%        3
 Conjure Flame            Conj/Fire      #.......     100%        3
 Ignite Poison            Fire/Tmut/Pois #.......     100%        3
 Inner Flame              Hex/Fire       #.......     100%        3
 Mephitic Cloud           Conj/Pois/Air  #.......     100%        3
 Vampiric Draining        Necr           #.........   100%        3
 Animate Dead             Necr           #.........   100%        4
 Dispel Undead            Necr           #.......     100%        4
 Fulminant Prism          Conj/Hex       #.........   100%        4
 Olgreb's Toxic Radiance  Pois           #.......     100%        4
 Agony                    Necr           #.......     100%        5
 Borgnjor's Vile Clutch   Necr/Erth      #.........   100%        5
 Excruciating Wounds      Necr           #.........   100%        5
 Silence                  Hex/Air        #.........   100%        5
 Death Channel            Necr           #.........   100%        6
 Simulacrum               Ice/Necr       #.........   100%        6
 Blink                    Tloc           Unusable     N/A         2

Dungeon Overview and Level Annotations

Branches:
Dungeon (1/1)

Altars:
Ashenzari
Cheibriados
Dithmenos
Elyvilon
Fedhas
Gozag
Hepliaklqana
Kikubaaqudgha
Makhleb
Nemelex Xobeh
Okawaru
Qazlal
Ru
Sif Muna
Trog
Uskayaw
Vehumet
Wu Jian
Xom
Yredelemnul
Zin
The Shining One
Beogh
Jiyva
Lugonu

Annotations:
D 1 transporter


Innate Abilities, Weirdness & Mutations

You cannot be hasted, slowed, berserked, paralysed or teleported.
You can dig through walls and to a lower floor.
Your four strong arms can wield two-handed weapons with a shield.
You have a pair of large antennae on your head. (SInv)


Message History

You slash the iron imp!
You kill the iron imp!
The Council accepts your kill. You block Diogaty's attack.
You block the quasit's attack. x2
The quasit claws you. The rust devil hits you. The rust devil corrodes you!
Diogaty hits you!!
* * * LOW HITPOINT WARNING * * *
Diogaty burns you.
* * * LOW HITPOINT WARNING * * *
You spin and attack the rust devil.
You slice the rust devil!!
The Sulking Sword looks unruly.
You kill the rust devil!
The Council accepts your kill.
Okay, then.
You feel much better. Diogaty hits you!!
* * * LOW HITPOINT WARNING * * *
Diogaty burns you.
* * * LOW HITPOINT WARNING * * *
You block Diogaty's attack. Xosuugic snaps closed at you!!
You die...

▓........▓..††....▓
▓........▓...†....▓
{{
▓.▓....▓.▓.▓....▓.▓
{{
▓...©....▓...©....▓
▓▓▓▓▓▓▓▓▓▓▓▓▓▓▓▓▓▓▓
▓...8©8§§§▓..8©8..▓
▓..))☼☼§☼5▓.......▓
▓...=☼§§&&▓..|.)..▓
▓.....§§@§▓.......▓
▓.....☼§§§▓....)..▓
▓.....§§§§▓..)))).▓
▓.........▓.......▓
▓.▓.....▓.▓.......▓
▓....©....▓...©...▓
▓▓▓▓▓▓▓▓▓▓▓▓▓▓▓▓▓▓▓
▓..8©8..▓


{{{{{ ▓..)....▓ You could see Diogaty, Xosuugic (silencing) and a quasit.

Vanquished Creatures
  3 vault guards (D)
  A rust devil (D)
  2 yaktaurs (D)
  2 freezing wraiths (D)
  2 jumping spiders (D)
  A slime creature (D)
  A redback (D)
  A floating eye (D)
  An eye of draining (D)
  3 scorpions (D)
  A crimson imp (D)
  2 quasits (D)
  4 jellies (D)
  2 iron imps (D)
  3 adders (D)
  2 ufetubi (D)
  An adder skeleton (D)
  2 ball pythons (D)
34 creatures vanquished.

Notes
Turn   | Place    | Note
-------+----------+-------------------------------------------
     0 | D        | Adamkad1 the Formicid Fighter began the quest for the Orb.
     0 | D        | Reached XP level 1. HP: 18/18 MP: 1/1
     0 | D        | Found a blossoming altar of Fedhas.
     1 | D        | Found the +6 Majin-Bo {vamp, MP+6 Int+6}
     1 | D        | Found the +9 heavy crossbow "Sniper" {vorpal, Acc+∞ SInv}
     1 | D        | Found the +10 dark maul {vorpal}
     1 | D        | Found the +15 Maxwell's patent armour {-Cast -Tele rElec
                  | Will+ rCorr}
     1 | D        | Found the +18 shield of the Gong {rElec rN+ Will+ EV-5}
     1 | D        | Found the cursed +14 obsidian axe {vorpal, +Fly SInv
                  | *Curse}
     1 | D        | Found the +7 great mace "Firestarter" {inner flame, rF++}
     1 | D        | Found the +6 shillelagh "Devastator" {shatter}
     1 | D        | Found the +11 plutonium sword {*Contam Stlth-}
     1 | D        | Found the +8 lance "Wyrmbane" {slay drac, rPois rF+ rC+
                  | AC+3}
     1 | D        | Found the +9 sword of Zonguldrok {reap}
     1 | D        | Found the cursed +13 scythe of Curses {drain, *Curse}
     1 | D        | Found the +0 sword of Power
     1 | D        | Found the +7 mace of Variability {chain chaos}
     1 | D        | Found the +7 Singing Sword {vorpal, sonic wave}
     1 | D        | Found the +8 storm bow {elec, penet}
     1 | D        | Found a shimmering blue altar of Sif Muna.
     1 | D        | Found a sacrificial altar of Ru.
     1 | D        | Found a bloodstained altar of Trog.
     1 | D        | Found a stormy altar of Qazlal.
     1 | D        | Found an iron altar of Okawaru.
     1 | D        | Found a sparkling altar of Nemelex Xobeh.
     4 | D        | Found an ancient bone altar of Kikubaaqudgha.
     4 | D        | Found a transporter.
     4 | D        | Found a corrupted altar of Lugonu.
     4 | D        | Found a viscous altar of Jiyva.
     4 | D        | Found a burning altar of Makhleb.
     4 | D        | Found a hazy altar of Hepliaklqana.
     4 | D        | Found an opulent altar of Gozag.
    49 | D        | Reached skill level 5 in Fighting
    49 | D        | Reached skill level 4 in Long Blades
    49 | D        | Reached skill level 5 in Armour
    49 | D        | Reached skill level 5 in Shields
    49 | D        | Reached XP level 2. HP: 27/27 MP: 2/2
    61 | D        | Became a worshipper of the Wu Jian Council
    97 | D        | Entered arena 2.
    97 | D        | Noticed a crimson imp
    97 | D        | Found a transporter.
   103 | D        | Killed a crimson imp
   104 | D        | Reached skill level 1 in Dodging
   104 | D        | Reached XP level 3. HP: 33/33 MP: 3/3
   112 | D        | Entered arena 3.
   112 | D        | Noticed a floating eye
   112 | D        | Noticed a slime creature
   112 | D        | Noticed an eye of draining
   112 | D        | Found a transporter.
   115 | D        | Killed a floating eye
   115 | D        | Reached * piety under Wu Jian
   115 | D        | Killed a slime creature
   116 | D        | Reached skill level 8 in Long Blades
   116 | D        | Reached XP level 4. HP: 43/43 MP: 0/4
   116 | D        | Reached XP level 5. HP: 48/48 MP: 0/5
   116 | D        | Reached XP level 6. HP: 55/55 MP: 0/6
   116 | D        | Killed an eye of draining
   116 | D        | Reached ** piety under Wu Jian
   117 | D        | Reached XP level 7. HP: 61/61 MP: 0/7
   187 | D        | Entered arena 4.
   187 | D        | Noticed a freezing wraith
   187 | D        | Found a transporter.
   193 | D        | Killed a freezing wraith
   193 | D        | Reached *** piety under Wu Jian
   194 | D        | Reached skill level 9 in Long Blades
   194 | D        | Reached skill level 5 in Dodging
   199 | D        | Entered arena 5.
   199 | D        | Found a transporter.
   202 | D        | Reached XP level 8. HP: 69/69 MP: 8/8
   205 | D        | Reached **** piety under Wu Jian
   214 | D        | Got the ring "Foirhosaerr" {rElec Dex+3 Stlth-}
   226 | D        | Got the Grimoire of Enthralling Transmigration
   229 | D        | Entered arena 6.
   229 | D        | Found a transporter.
   233 | D        | Reached ***** piety under Wu Jian
   242 | D        | Entered arena 7.
   242 | D        | Noticed a yaktaur
   242 | D        | Noticed a freezing wraith
   242 | D        | Noticed a vault guard
   242 | D        | Noticed a vault guard
   242 | D        | Noticed a yaktaur
   242 | D        | Noticed a vault guard
   243 | D        | Identified the +10 broad axe "Syvouz" {vorpal, MP+9 Int+3}
   243 | D        | Found a transporter.
   247 | D        | Killed a yaktaur
   247 | D        | Killed a freezing wraith
   247 | D        | Killed a vault guard
   247 | D        | Killed a vault guard
   247 | D        | Reached skill level 10 in Fighting
   247 | D        | Reached skill level 12 in Long Blades
   247 | D        | Reached skill level 10 in Armour
   247 | D        | Reached XP level 9. HP: 50/79 MP: 9/9
   247 | D        | Killed a vault guard
   247 | D        | Killed a yaktaur
   247 | D        | Reached skill level 13 in Long Blades
   247 | D        | Reached XP level 10. HP: 56/87 MP: 10/10
   383 | D        | Learned a level 2 spell: Wereblood
   384 | D        | Entered arena 8.
   385 | D        | Found a transporter.
   387 | D        | Reached ****** piety under Wu Jian
   388 | D        | Reached skill level 1 in Spellcasting
   388 | D        | Reached skill level 1 in Transmutations
   401 | D        | Got the ring "Nyroimo" {rC+ Will- Int+6 Dex+3}
   417 | D        | Entered arena 9.
   417 | D        | Noticed Xosuugic the pandemonium lord
   417 | D        | Noticed Diogaty the pandemonium lord
   417 | D        | Noticed a rust devil
   418 | D        | Found a transporter.
   436 | D        | Killed a rust devil
   437 | D        | Mangled by Xosuugic the pandemonium lord

Illustrated notes

Levels and vault maps discovered:
D:        sprint_v [room_start, room_1, room_2, room_3, room_4, room_5, room_6,
          room_7, room_8, room_9, room_10, room_11, room_12, room_13, room_14,
          room_15, room_16, room_17, room_18, room_19, room_20, room_21,
          room_22, room_23, room_24, room_25, room_26, room_27]

Skill      XL: |  1  2  3  4  5  6  7  8  9 10 |
---------------+-------------------------------+-----
Fighting       | 5 7 8 10 11 | 11.5
Long Blades    | 4 8 9 12 13 | 13.6
Armour         | 5 7 8 10 11 | 11.5
Shields        | 5 6 8 9 11 12 | 12.3
Dodging        | 1 4 5 7 8 |  8.8
Spellcasting   | 2 |  2.5
Transmutations | 2 |  2.7

Action                   |  1- 3 |  4- 6 |  7- 9 | 10-12 || total
-------------------------+-------+-------+-------+-------++-------
Melee: Double sword      |     6 |     1 |    23 |    33 ||    63
Invok: Lunge             |     1 |       |     2 |     3 ||     6
       Whirlwind         |       |       |    15 |    15 ||    30
       Serpent's Lash    |       |       |     1 |     1 ||     2
       Heavenly Storm    |       |       |       |     1 ||     1
 Abil: Wall Jump         |       |       |       |     2 ||     2
  Use: Potion            |     1 |       |       |     1 ||     2
Armor: Gold dragon scale |     2 |       |     6 |     9 ||    17
Dodge: Dodged            |       |       |       |     1 ||     1
Block: Kite shield       |     5 |       |    15 |    47 ||    67
       Reflection        |       |       |       |     1 ||     1

Table legend: (Time is in decaauts)
 A = Elapsed time spent in this place.
 B = Non-inter-level travel time spent in this place.
 C = Inter-level travel time spent in this place.
 D = Time resting spent in this place.
 E = Time spent auto-exploring this place.
 F = Levels seen in this place.
 G = Mean time per level.
                   A        B        C        D        E       F      G
               +--------+--------+--------+--------+--------+-----+--------+
         Total |    435 |    435 |      0 |    177 |      0 |   1 |  435.0 |
       Dungeon |    435 |    435 |      0 |    177 |      0 |   1 |  435.0 |
               +--------+--------+--------+--------+--------+-----+--------+

Top non-repeatable levels by time:
       D: 435 daAuts
